Map: New Repugnancy LE

Players

StarsAbove - Winner!

  • Race: Protoss Protoss
  • League: Platinum
  • Spawn Location: 7:00

Madcoat

  • Race: Protoss Protoss
  • League: Gold
  • Spawn Location: 1:00

VOD

Have the link to the VOD?

Description

Time

  • Played on: Feb. 21, 2019, 8:08 p.m.
  • Length: 20:00
Show
View Real Time Build Order
Export as new Build Order

StarsAbove Protoss - Winner!

Build Orders:  

Get SALT Encoding   

  12  0:01  Probe  
  13  0:17  Pylon  
  13  0:19  Probe  
  14  0:31  Probe  
  15  0:37  Gateway  
  15  0:43  Assimilator  
  15  0:44  Probe  
  16  0:56  Probe  
  17  1:08  Probe  
  18  1:20  Probe  
  18  1:23  Pylon  
  19  1:25  Cybernetics Core  
  19  1:33  Probe  
  19  1:34  Gateway  
  20  1:45  Probe  
  21  1:57  Probe  
  21  1:59  Stalker  
  21  2:00  Assimilator  
  22  2:04  Warp Gate  
  24  2:09  Probe  
  24  2:15  Stalker  
  25  2:21  Stalker  
  25  2:23  Probe  
  30  2:34  Pylon  
  30  2:48  Stalker  
  30  2:49  Stalker  
  34  2:58  Gateway  
  34  3:18  Probe  
  34  3:19  Pylon  
  35  3:30  Probe  
  35  3:32  Twilight Council  
  36  3:36  Shield Battery  
  35  3:59  Stalker x3  
  35  4:01  Gateway  
  41  4:15  Blink  
  41  4:16  Pylon  
  41  4:24  Robotics Facility  
  39  5:02  Stalker x4  
  47  5:14  Observer  
  48  5:33  Nexus  
  48  5:34  Pylon  
  48  5:57  Immortal  
  52  6:42  Probe  
  53  6:52  Probe  
  53  6:54  Probe  
  54  7:00  Probe  
  55  7:02  Immortal  
  55  7:05  Probe  
  55  7:06  Stargate  
  55  7:07  Stargate  
  61  7:10  Probe  
  61  7:13  Probe  
  62  7:21  Probe  
  63  7:22  Probe  
  65  7:32  Probe  
  65  7:35  Probe  
  65  7:36  Forge  
  67  7:38  Forge  
  67  7:42  Immortal  
  70  7:47  Probe  
  71  8:03  Void Ray  
  75  8:09  Protoss Ground Armor Level 1, Protoss Ground Weapons Level 1  
  75  8:16  Probe  
  75  8:17  Pylon  
  75  8:18  Probe  
  75  8:19  Pylon  
  77  8:20  Assimilator  
  77  8:21  Observer  
  77  8:24  Assimilator  
  78  8:35  Probe x2  
  80  8:44  Probe  
  80  8:47  Probe  
  82  8:52  Probe, Nexus  
  82  8:57  Void Ray  
  87  9:02  Probe  
  87  9:05  Pylon  
  88  9:10  Pylon  
  88  9:17  Void Ray  
  92  9:25  Observer  
  93  9:47  Photon Cannon, Observer  
  93  9:48  Probe  
  93  9:51  Probe  
  95  9:55  Shield Battery  
  95  9:56  Shield Battery  
  95  9:59  Probe  
  96  10:00  Probe  
  96  10:05  Void Ray  
  102  10:09  Observer, Probe  
  102  10:12  Probe  
  104  10:20  Charge  
  104  10:21  Void Ray, Probe  
  105  10:27  Observer  
  110  10:32  Pylon, Assimilator  
  110  10:33  Probe  
  112  10:36  Assimilator  
  112  10:41  Shield Battery  
  112  10:46  Protoss Ground Armor Level 2  
  112  10:48  Void Ray, Observer  
  117  10:56  Pylon  
  117  10:58  Pylon  
  117  11:02  Observer  
  117  11:04  Void Ray  
  122  11:12  Photon Cannon  
  122  11:15  Photon Cannon  
  122  11:17  Photon Cannon, Protoss Ground Weapons Level 2  
  122  11:19  Probe, Shield Battery  
  122  11:21  Shield Battery  
  122  11:24  Pylon  
  122  11:25  Protoss Air Weapons Level 1  
  123  11:27  Probe  
  124  11:37  Probe  
  125  11:56  Gateway  
  125  11:58  Void Ray x2  
  125  11:59  Gateway  
  125  12:06  Gateway  
  125  12:08  Gateway  
  125  12:14  Probe  
  134  12:22  Observer  
  135  12:26  Probe  
  136  12:39  Probe  
  136  12:44  Protoss Ground Armor Level 3, Observer, Nexus  
  138  12:46  Pylon  
  138  12:50  Pylon  
  138  12:51  Probe  
  139  12:54  Pylon  
  139  13:05  Observer  
  140  13:15  Resonating Glaives  
  140  13:19  Protoss Air Armor Level 1  
  140  13:26  Warp Prism  
  142  13:31  Pylon  
  142  13:34  Pylon  
  142  13:36  Pylon  
  142  13:43  Photon Cannon, Fleet Beacon  
  142  13:45  Photon Cannon  
  142  13:47  Photon Cannon  
  142  13:48  Photon Cannon  
  142  13:50  Shield Battery  
  142  13:52  Probe, Shield Battery  
  142  13:53  Pylon  
  142  13:55  Photon Cannon  
  142  13:57  Photon Cannon  
  142  14:00  Photon Cannon, Probe  
  142  14:04  Photon Cannon  
  142  14:06  Dark Shrine  
  142  14:09  Photon Cannon, Probe x2, Shield Battery  
  146  14:10  Probe x2  
  147  14:21  Probe  
  147  14:22  Probe x3  
  151  14:34  Probe  
  152  14:39  Probe  
  152  14:41  Gateway  
  152  14:43  Gateway, Assimilator  
  152  14:44  Gateway  
  153  14:46  Tempest x2  
  153  14:47  Assimilator  
  153  14:51  Probe  
  164  15:03  Probe  
  164  15:05  Zealot x3  
  164  15:06  Zealot x3  
  164  15:07  Zealot x2  
  179  15:14  Protoss Ground Weapons Level 3  
  179  15:19  Tempest  
  179  15:20  Protoss Air Weapons Level 2  
  167  15:26  Tempest, Zealot x4  
  167  15:27  Zealot x3  
  167  15:28  Zealot  
  180  15:37  Protoss Shields Level 1  
  173  15:57  Tempest  
  173  16:02  Tempest  
  183  16:18  Dark Templar x8  
  193  16:22  Archon x4  
  199  16:53  Nexus  
  199  16:54  Pylon  
  199  16:57  Pylon  
  199  17:00  Pylon  
  199  17:04  Pylon  
  194  17:29  Mothership  
  192  17:35  Protoss Air Armor Level 2  
  195  17:58  Tempest  
  143  19:09  Zealot  
  145  19:10  Zealot x5  
  145  19:11  Zealot x2  
  145  19:12  Zealot x3  
Show
View Real Time Build Order
Export as new Build Order

Madcoat Protoss 

Build Orders:  

Get SALT Encoding   

  12  0:00  Probe  
  13  0:12  Probe  
  14  0:21  Pylon  
  14  0:24  Probe  
  15  0:36  Probe  
  16  0:44  Probe  
  16  0:47  Gateway  
  16  0:49  Assimilator  
  17  0:53  Probe  
  18  1:01  Probe  
  18  1:09  Probe  
  18  1:10  Gateway  
  19  1:16  Assimilator  
  20  1:27  Pylon  
  20  1:31  Probe  
  21  1:43  Probe  
  22  1:51  Cybernetics Core  
  22  1:55  Probe  
  22  2:07  Probe  
  23  2:20  Pylon, Probe  
  24  2:29  Warp Gate  
  24  2:30  Adept x2  
  24  2:32  Probe  
  29  2:45  Nexus  
  29  2:53  Probe  
  30  3:09  Sentry, Probe  
  33  3:13  Pylon  
  33  3:33  Shield Battery  
  31  3:34  Stalker  
  33  3:40  Shield Battery  
  35  3:42  Pylon  
  35  3:46  Probe  
  36  4:06  Gateway  
  36  4:07  Gateway  
  35  4:11  Robotics Facility  
  35  4:19  Forge  
  35  4:21  Pylon  
  35  4:38  Sentry  
  35  4:39  Stalker  
  35  4:45  Shield Battery  
  39  4:48  Immortal  
  43  5:09  Stalker x2  
  47  5:14  Pylon  
  47  5:21  Protoss Ground Weapons Level 1  
  47  5:32  Pylon  
  47  5:34  Immortal  
  51  6:01  Robotics Bay  
  51  6:05  Sentry  
  51  6:06  Stalker x2  
  58  6:18  Observer  
  58  6:38  Pylon  
  58  6:51  Disruptor  
  58  7:05  Probe  
  62  7:31  Disruptor  
  62  7:36  Pylon  
  65  8:09  Twilight Council  
  65  8:10  Probe  
  65  8:18  Probe  
  66  8:20  Nexus  
  66  8:21  Shield Battery  
  66  8:23  Assimilator  
  66  8:24  Photon Cannon, Observer  
  66  8:26  Protoss Ground Armor Level 1  
  68  8:28  Probe, Assimilator  
  69  8:41  Probe  
  70  8:54  Probe  
  71  8:59  Blink  
  71  9:03  Disruptor  
  71  9:06  Pylon, Probe  
  75  9:18  Probe  
  76  9:27  Pylon  
  76  9:28  Pylon  
  76  9:35  Gateway  
  76  9:44  Disruptor  
  76  9:47  Probe x2  
  78  9:59  Probe  
  82  10:19  Gateway, Nexus  
  82  10:22  Pylon  
  82  10:28  Shield Battery  
  82  10:37  Pylon  
  82  10:40  Pylon  
  82  10:56  Immortal, Probe x2  
  84  11:05  Protoss Ground Weapons Level 2  
  84  11:10  Charge  
  88  11:15  Templar Archives  
  88  11:36  Observer  
  88  11:52  Probe x3  
  91  11:54  Psionic Storm  
  91  11:58  Stargate  
  91  12:09  Probe x3  
  94  12:22  Stargate  
  94  12:24  Stargate  
  94  12:27  Stargate  
  94  12:34  Assimilator  
  94  12:38  Assimilator  
  94  12:40  Photon Cannon  
  94  12:41  Photon Cannon  
  94  12:44  Probe x3  
  95  12:45  Photon Cannon  
  95  12:46  Photon Cannon  
  95  12:48  Photon Cannon  
  95  12:50  Shield Battery  
  96  12:52  Observer, Shield Battery  
  96  12:53  Shield Battery  
  96  12:56  Shield Battery  
  96  12:57  Probe x3  
  100  12:58  Shield Battery  
  100  13:00  Protoss Air Weapons Level 1  
  100  13:04  Shield Battery  
  100  13:07  Photon Cannon  
  100  13:13  Fleet Beacon  
  100  13:18  Probe  
  100  13:19  Probe x2  
  103  13:35  Stalker x3  
  109  13:50  Protoss Ground Weapons Level 3  
  109  14:00  Tempest  
  109  14:01  Tempest x2  
  124  14:07  Probe x3  
  126  14:24  Probe x2  
  126  14:25  Probe  
  129  14:32  Probe x2  
  129  14:33  Probe  
  129  14:37  Tempest  
  137  14:40  Probe x2  
  137  14:41  Probe  
  140  14:51  Stalker x3  
  146  14:57  Probe  
  146  14:58  Probe x2  
  146  15:05  Probe  
  146  15:06  Probe x2  
  149  15:14  Probe  
  149  15:15  Probe  
  149  15:29  Protoss Air Weapons Level 2  
  146  16:00  Tempest x2  
  146  16:02  Shield Battery  
  146  16:04  Photon Cannon  
  146  16:05  Nexus  
  146  16:08  Assimilator  
  156  16:12  Assimilator  
  156  16:13  Pylon  
  156  16:17  Pylon  
  156  16:35  Observer  
  156  16:37  Photon Cannon  
  156  16:39  Nexus  
  156  16:40  Photon Cannon  
  156  16:41  Assimilator  
  156  16:43  Photon Cannon  
  156  16:45  Assimilator  
  156  16:46  Shield Battery  
  156  17:15  Shield Battery  
  156  17:16  Shield Battery  
  155  17:38  Tempest  
  155  17:39  Tempest x2  
  170  17:54  Observer  
  141  18:54  Void Ray x4  
  104  18:56  Stalker x3  
  99  19:48  Nexus  
  99  19:49  Assimilator  
  99  19:50  Pylon  
  99  19:53  Pylon  
Tags
 
Matchup
PvP
Replay Pack
20190221
Spawn Locations
Cross Positions
Add a new tag
Caveats
  • Supply blocks, unpowered buildings, or Contaminate may cause inaccurate times.
  • Supply counts are checked every 10 seconds.